 Dungeon Crawl Stone Soup version 0.20.1-1-g8b1a95d (webtiles) character file.

50 Rocangus994 the Skirmisher (level 3, -1/34 HPs)
             Began as a Minotaur Berserker on Dec 4, 2017.
             Was a Follower of Trog.
             Slain by a centaur (6 damage)
             ... on level 3 of the Dungeon.
             The game lasted 00:05:43 (1271 turns).

Rocangus994 the Skirmisher (Minotaur Berserker)     Turns: 1271, Time: 00:05:44

Health: -1/34      AC:  3    Str: 24    XL:     3   Next: 55%
Magic:  1/1        EV: 12    Int:  4    God:    Trog [*.....]
Gold:   75         SH:  0    Dex:  9    Spells: 2/2 levels left

rFire    . . .     SeeInvis .   a - +0 mace
rCold    . . .     Gourm    .   (no shield)
rNeg     . . .     Faith    .   b - +1 animal skin
rPois    .         Spirit   .   (helmet restricted)
rElec    .         Reflect  .   (no cloak)
rCorr    .         Harm     .   (no gloves)
MR       .....                  (no boots)
Stlth    +.........             (no amulet)
Regen    0.2/turn               (no ring)
MPRegen  0.1/turn               (no ring)

@: no status effects
A: retaliatory headbutt, horns 2, low mp 1, strong 1, wild magic 1
a: Berserk, Burn Spellbooks, Renounce Religion


You were on level 3 of the Dungeon.
You worshipped Trog.
Trog was aware of your devotion.
You were not hungry.

You visited 1 branch of the dungeon, and saw 3 of its levels.

You collected 75 gold pieces.

Inventory:

Hand Weapons
 a - a +0 mace (weapon)
Armour
 b - a +1 animal skin (worn)
Scrolls
 e - 2 scrolls of recharging
 f - a scroll of magic mapping {unknown}
Potions
 d - a potion of magic {unknown}
 g - a potion of agility
 i - a potion of flight {unknown}
 j - 2 potions of cancellation
Comestibles
 c - a bread ration
 h - a meat ration
 k - a royal jelly


   Skills:
 + Level 4.4 Fighting
 + Level 4.3 Maces & Flails
 + Level 2.6 Armour
 + Level 2.6 Dodging
 + Level 0.3 Stealth


You had 2 spell levels left.
You didn't know any spells.

Dungeon Overview and Level Annotations

Branches:
Dungeon (3/15)

Altars:
Dithmenos


Innate Abilities, Weirdness & Mutations

You reflexively headbutt those who attack you in melee.
You have a pair of horns on your head.
Your magical capacity is low. (-10% MP)
Your muscles are strong. (Str +2)
Your spells are a little harder to cast, but a little more powerful.


Message History

There is a stone staircase leading up here.
You barely miss the centaur. The centaur hits you.
The centaur hits you but does no damage.
You hit the centaur but do no damage. You headbutt the centaur!
The centaur is moderately wounded.
The centaur hits you. x2
You hit the centaur.
The centaur is heavily wounded.
The centaur hits you! x2
* * * LOW HITPOINT WARNING * * *
Unknown command.
You are too injured to fight recklessly!
You are too injured to fight recklessly!
You are too injured to fight recklessly!
You are too injured to fight recklessly!
You are too injured to fight recklessly!
You barely miss the centaur.
The centaur is heavily wounded.
The centaur hits you.
You die...

### ..?
#.##.########
#....c......#
#@.....#
##...###
.......
..g#### ...>.
......
.......
.......


You could see a centaur and a hobgoblin.

Vanquished Creatures
  An adder (D:2)
  An ooze (D:1)
  A worm (D:2)
  A leopard gecko (D:1)
  2 bats
  3 giant cockroaches (D:1)
  5 goblins (D:1)
  2 hobgoblins
  A quokka (D:2)
  2 frilled lizards
  6 kobolds
  6 rats
31 creatures vanquished.

Notes
Turn   | Place    | Note
-------+----------+-------------------------------------------
     0 | D:1      | Rocangus994 the Minotaur Berserker began the quest for the Orb.
     0 | D:1      | Reached XP level 1. HP: 19/19 MP: 0/0
   382 | D:1      | Reached XP level 2. HP: 27/27 MP: 1/1
   833 | D:1      | Reached XP level 3. HP: 33/33 MP: 2/2
  1028 | D:1      | Gained mutation: Your spells are a little harder to cast, but a little more powerful. [potion of mutation]
  1028 | D:1      | Gained mutation: Your magical capacity is low. (-10% MP) [potion of mutation]
  1028 | D:1      | Gained mutation: Your muscles are strong. (Str +2) [potion of mutation]
  1178 | D:2      | Found a shadowy altar of Dithmenos.
  1267 | D:3      | Noticed a centaur
  1271 | D:3      | Slain by a centaur

Skill      XL: |  1  2 |
---------------+-------+-----
Fighting       | 4 |  4.4
Maces & Flails | 4 |  4.3
Armour         | |  2.6
Dodging        | |  2.6
Stealth        | |  0.3

Action                   || total
-------------------------++-------
Melee: Mace              ||    83
       Headbutt          ||    19
  Use: Scroll            ||     7
       Potion            ||     1
  Eat: Chunk             ||     1
Armor: Animal skin       ||    15
Dodge: Dodged            ||    50
